Cogmind - Beta 13 @@@ ROGUE MODE // 2024.04.25 @ 22:46:07 Player: Wesmed Result: Self-destructed Performance ------------- Evolutions (1) 500 Regions Visited (2) 400 Robots Destroyed (24) 120 Value Destroyed (412) 412 Prototype IDs (0) 0 Alien Tech Used (0) 0 Bonus (0) 0 TOTAL SCORE: 1432 Bonus ------- None Cogmind --------- Core Integrity 259/400 Matter 212/300 Energy 42/100 System Corruption 3% Temperature Cool (6) Movement Rolling (140) Ox4 Location -9/Materials Parts ------- > --- POWER (1) -------- (None) > --- PROPULSION (3) --- Wheel Wheel > --- UTILITY (3) ------ Huge Storage Unit Terrain Scan Processor > --- WEAPON (2) ------- Shotgun > --- INVENTORY (25) --- Ion Engine Ion Engine Wheel Wheel Wheel Wheel High-capacity Battery (250) High-capacity Matter Pod (55) Targeting Computer Improved Targeting Computer ECM Suite Medium Armor Plating Tractor Beam Assault Rifle Shotgun Improved Light Cannon Grenade Launcher Peak State ------------ > --- POWER ------------ Light Ion Engine > --- PROPULSION ------- Wheel Wheel Armored Wheel > --- UTILITY ---------- Huge Storage Unit Improved Terrain Scanner Terrain Scan Processor > --- WEAPON ----------- Particle Gun Shotgun > --- INVENTORY -------- Ion Engine Ion Engine Wheel Wheel Wheel Wheel High-capacity Battery High-capacity Matter Pod Targeting Computer ECM Suite Medium Armor Plating Tractor Beam Medium Laser Assault Rifle Shotgun Shotgun Grenade Launcher Mining Laser [Rating: 17] Favorites ----------- Power Light Ion Engine Engine Light Ion Engine Propulsion Wheel Wheel Wheel Utility Improved Terrain Scanner Device Improved Terrain Scanner Storage Huge Storage Unit Processor Terrain Scan Processor Weapon Assault Rifle Energy Gun Particle Gun Ballistic Gun Assault Rifle Special Weapon Mining Laser Build | -11 -10 -9 ------- Run | Yrd Mat Mat Slots Evolved 2 | . . 2 Power . | . . . Propulsion 1 | . . 1 Utility 1 | . . 1 Weapon . | . . . Parts Attached 24 | 6 10 8 Power 1 | . 1 . Engine 1 | . 1 . Core . | . . . Reactor . | . . . Propulsion 8 | 2 4 2 Treads . | . . . Leg . | . . . Wheel 8 | 2 4 2 Hover . | . . . Flight . | . . . Utility 6 | 2 3 1 Device 1 | 1 . . Storage 4 | 1 3 . Processor 1 | . . 1 Hackware . | . . . Protection . | . . . Artifact . | . . . Weapon 9 | 2 2 5 Energy Gun 2 | . 1 1 Energy Cannon . | . . . Ballistic Gun 5 | 2 1 2 Ballistic Cannon . | . . . Launcher . | . . . Special Weapon 2 | . . 2 Impact Weapon . | . . . Slashing Weapon . | . . . Piercing Weapon . | . . . Special Melee Weapon . | . . . Unidentified Prototypes . | . . . Parts Lost 8 | . 2 6 Power 1 | . . 1 Propulsion 2 | . 1 1 Utility 1 | . . 1 Weapon 4 | . 1 3 Highest Loss Streak 6 | . 1 6 To Critical Strikes . | . . . Average Slot Usage (%) 91 | . 90 93 Engine 7 | . 5 9 Wheel 29 | . 27 33 Device 12 | . 14 11 Storage 12 | . 14 11 Processor 2 | . . 6 Energy Gun 7 | . 5 9 Ballistic Gun 17 | . 22 10 Naked Turns . | . . . Heaviest Build 90 | 10 89 90 Greatest Support 32 | 20 20 32 Greatest Overweight (x) 4 | . 4 2 Average Overweight (x) 1 | . 1 2 Largest Inventory Capacity 25 | 8 25 25 Average Capacity 18 | 7 16 25 Most Carried 19 | 7 15 19 Average Carried 13 | 4 13 17 Final Capacity 25 | 8 25 25 Final Carried 17 | 7 15 17 Class Distribution -------------------- 53% | Mutant 46% | Scavenger-Mutant Dominant Class ---------------- Mutant | -10/Materials Scavenger-Mutant | -9/Materials Resources | -11 -10 -9 ----------- Run | Yrd Mat Mat Matter Collected 833 | 326 329 178 Remotely . | . . . Salvage Created 744 | 164 365 215 Parts 61 | 24 23 14 Haulers Intercepted 1 | . 1 . Recyclers Shooed 1 | . . 1 Parts Field Recycled . | . . . Retrieved Matter . | . . . Parts Self-Destructed . | . . . Prevented . | . . . Kills | -11 -10 -9 ------- Run | Yrd Mat Mat Combat Hostiles Destroyed 11 | . 4 7 Guns 11 | . 4 7 Classes Destroyed 8 | 2 4 2 Worker 3 | . 2 1 Builder 2 | . 1 1 Tunneler 5 | 5 . . Hauler 1 | . 1 . Recycler 2 | 1 1 . Swarmer 3 | . . 3 Grunt 6 | . 4 2 Sentry 2 | . . 2 Best Kill Streak 7 | 4 3 7 Combat Bots Only 5 | . 2 5 Max Kills in Single Turn 3 | 1 1 3 Gunslinging . | . . . Exploded . | . . . Melee . | . . . Uniques/NPCs Destroyed . | . . . Combat | -11 -10 -9 -------- Run | Yrd Mat Mat Hostile Shots Fired 103 | . 40 63 Missed 30 | . 13 17 Damage Taken 1012 | . 365 647 Core 231 | . 90 141 Absorbed by Shields . | . . . Regen/Repaired (Parts) 41 | . 41 . Core Remaining (%) 82 | 100 64 . Volleys Fired 82 | 11 44 27 Largest 2 | 2 2 2 Hottest 123 | 40 85 123 Shots Fired 155 | 22 86 47 Gun 152 | 22 86 44 Cannon . | . . . Launcher . | . . . Special 3 | . . 3 Kinetic 131 | 22 83 26 Thermal 24 | . 3 21 Explosive . | . . . Electromagnetic . | . . . Robot Hit Streak 13 | 5 8 13 Robot Miss Streak 5 | 2 5 5 Penetration Max . | . . . Secondary Targets 2 | . 1 1 Max Gunslinging Chain 1 | . 1 1 Shots Hit Robots 105 | 12 57 36 Core Hits 41 | 7 19 15 Critical Kills . | . . . Critical Parts Destroyed . | . . . Critical Strikes 1 | . . 1 Burn 1 | . . 1 Melee Attacks . | . . . Impact . | . . . Slashing . | . . . Piercing . | . . . Sneak Attacks . | . . . Combat Hostiles . | . . . Follow-up Attacks . | . . . Damage Inflicted 1592 | 160 766 666 Guns 1566 | 160 764 642 Cannons . | . . . Explosions . | . . . Melee . | . . . Ramming 2 | . 2 . Kinetic 1283 | 160 716 407 Thermal 307 | . 48 259 Explosive . | . . . Electromagnetic . | . . . Impact . | . . . Slashing . | . . . Piercing . | . . . Highest Corruption 3 | . . 3 Average Corruption 2 | . . 2 Corruption Purged . | . . . Corruption Blocked . | . . . Effects 1 | . . 1 Matter Fused 1 | . . 1 Overload Shots . | . . . Overflow Damage . | . . . Projectiles . | . . . Explosions . | . . . Melee . | . . . Knockbacks . | . . . Impact . | . . . Kinetic . | . . . Secondary . | . . . Self-Inflicted Damage 1 | . 1 . Shots . | . . . Rammed 1 | . 1 . Targets Rammed 1 | . 1 . Kicked . | . . . Crushed . | . . . Highest Temperature 200 | . 72 200 Average Temperature 77 | . 30 86 Received Heat Transfer 477 | . 237 240 Siege Activations . | . . . Robots Corrupted . | . . . Combat Hostiles . | . . . Parts Fried . | . . . Impact Corruptions . | . . . Robots Melted . | . . . Combat Hostiles . | . . . Parts Melted 1 | . . 1 Heat Transferred 790 | . 111 679 Parts Sabotaged . | . . . Parts Stolen . | . . . Parts Stripped . | . . . Power Chain Reactions . | . . . Alert | -11 -10 -9 ------- Run | Yrd Mat Mat Peak Influence 187 | 30 187 163 Initial 30 | . 19 30 Average 75 | 13 72 97 Maximum Alert Level . | . . . Low Security (%) 100 | 100 100 100 Level 1 . | . . . Level 2 . | . . . Level 3 . | . . . Level 4 . | . . . Level 5 . | . . . High Security . | . . . Max Security . | . . . Squads Dispatched 2 | . 1 1 Investigation . | . . . Extermination . | . . . Reinforcement 2 | . 1 1 Assault . | . . . Garrison . | . . . Intercept . | . . . Searches Triggered . | . . . Construction Impeded . | . . . Haulers Reinforced . | . . . Active Scanning Responses . | . . . Cargo Convoy Interrupts . | . . . Stealth | -11 -10 -9 --------- Run | Yrd Mat Mat Distress Signals 4 | . 2 2 Communications Jammed . | . . . Distress Signals . | . . . Times Spotted 32 | . 14 18 Peak Tracking Total 7 | . 4 7 Tactical Retreats 3 | . 3 . Traps | -11 -10 -9 ------- Run | Yrd Mat Mat Traps Triggered . | . . . Indirectly . | . . . Trap Hack Attempts . | . . . Triggered . | . . . Disarmed . | . . . Reprogrammed . | . . . Reused . | . . . Traps Extracted . | . . . Installed . | . . . Triggered . | . . . Machines | -11 -10 -9 ---------- Run | Yrd Mat Mat Machines Disabled . | . . . Max in Single Turn . | . . . Machines Repaired . | . . . Machines Dismantled . | . . . Machines Sabotaged . | . . . Overloaded Fab Kills . | . . . Hacking | -11 -10 -9 --------- Run | Yrd Mat Mat Machines Accessed 8 | . 5 3 Terminals 6 | . 3 3 Fabricators . | . . . Repair Stations 1 | . 1 . Recycling Units 1 | . 1 . Scanalyzers . | . . . Garrison Access . | . . . Total Hacks 21 | . 12 9 Successful 11 | . 6 5 Failed 9 | . 6 3 Catastrophic 4 | . 2 2 Database Lockouts 1 | . . 1 Manual 17 | . 6 11 Terminals 14 | . 5 9 Fabricators . | . . . Repair Stations 6 | . 6 . Recycling Units 1 | . 1 . Scanalyzers . | . . . Garrison Access . | . . . Terminal Hacks 2 | . . 2 Part Schematic 2 | . . 2 Fabricator Hacks . | . . . Repair Station Hacks 4 | . 4 . Scan Component 2 | . 2 . Repair 2 | . 2 . Recycling Unit Hacks . | . . . Scanalyzer . | . . . Garrison Access Hacks . | . . . Unauthorized Hacks 5 | . 2 3 Terminals 4 | . 1 3 Botnet 4 | . 1 3 Fabricators . | . . . Repair Stations . | . . . Recycling Units 1 | . 1 . Reject 1 | . 1 . Scanalyzers . | . . . Garrison Access . | . . . Data Cores Recovered . | . . . Used . | . . . Hacking Detections 7 | . 3 4 Full Trace Events 1 | . . 1 Feedback Events . | . . . Feedback Blocked . | . . . Robot Schematics Acquired . | . . . Robots Built . | . . . Authchips . | . . . Time . | . . . Total Robot Build Rating . | . . . Part Schematics Acquired 2 | . . 2 Parts Built . | . . . Authchips . | . . . Time . | . . . Total Part Build Rating . | . . . Parts Repaired 2 | . 2 . Time 52 | . 52 . Parts Recycled . | . . . Recycled Matter . | . . . Retrieved Matter . | . . . Retrieved Components . | . . . Parts Scanalyzed . | . . . Part Schematics Acquired . | . . . Parts Damaged . | . . . Bothacking | -11 -10 -9 ------------ Run | Yrd Mat Mat Used RIF Installer . | . . . Robots Hacked . | . . . Non-combat . | . . . Combat . | . . . Robot Hacks Applied . | . . . Relay Couplers Released . | . . . Fabnet Peak Effective % . | . . . Robots Rewired . | . . . Allies Hacked . | . . . Hacks Repelled . | . . . Allies | -11 -10 -9 -------- Run | Yrd Mat Mat Total Allies . | . . . Largest Group . | . . . Highest-Rated Group . | . . . Highest-Rated Ally . | . . . Total Orders . | . . . Ally Attacks . | . . . Total Damage . | . . . Kills . | . . . Allies Corrupted . | . . . Allies Melted . | . . . Intel | -11 -10 -9 ------- Run | Yrd Mat Mat Robot Analysis Total . | . . . Derelict Logs Recovered . | . . . Drone Launches . | . . . Drone Recoveries . | . . . Exploration | -11 -10 -9 ------------- Run | Yrd Mat Mat Turns Passed 1275 | 131 669 475 Spaces Moved 790 | 104 361 325 Core 3 | 3 . . Treads . | . . . Legs . | . . . Wheels 787 | 101 361 325 Hover . | . . . Flight . | . . . Fastest Speed 50 | 50 80 110 Average Speed 104 | 79 105 112 Slowest Speed 140 | 80 140 113 Overloaded Moves . | . . . Propulsion Burnouts . | . . . Robots Hopped . | . . . Cave-ins Triggered . | . . . Exploration Rate (%) 28 | 3 49 32 Regions Visited 2 Branch Regions . Pre-discovered Areas . | . . . Known Exits Taken . | . . . Unknown Exits Taken 2 | 1 1 . Scrap Searched . | . . . Spaces Dug 1 | . . 1 Terrain Destroyed 2 | . . 2 Melee . | . . . Projectile 2 | . . 2 AOE . | . . . Terrain Rammed . | . . . Walls Destroyed . | . . . Machines Disabled . | . . . Actions | -11 -10 -9 --------- Run | Yrd Mat Mat Total 1072 | 127 562 383 Wait 141 | . 130 11 Move 788 | 103 360 325 Hop . | . . . Pick Up 25 | 7 11 7 Fast Attach 9 | 6 3 . Attach 7 | . 1 6 Detach 2 | . . 2 Swap 8 | . 6 2 Drop 9 | . 6 3 Fire 82 | 11 44 27 Melee . | . . . Ram 1 | . 1 . Kick . | . . . Crush . | . . . Escape Stasis . | . . . Rewire . | . . . Trap . | . . . Miscellaneous . | . . . Route ------- -11/Scrapyard -10/Materials (discovered 2 exits: *Mat / [*Min]) -9/Materials History --------- Turn | Location | Event 17 | -11/Scrapyard | Discovered new exit (range 15) 132 | -11/Scrapyard | Entered Materials 310 | -10/Materials | Build established: Mutant 345 | -10/Materials | Discovered new exit (range 15) 591 | -10/Materials | Repaired Wheel 619 | -10/Materials | Repaired Wheel 791 | -10/Materials | Discovered new exit (range 8) 801 | -10/Materials | Entered another Materials area 801 | -9/Materials | Evolved 2 slots: Propulsion x1, Utility x1 866 | -9/Materials | Build established: Scavenger-Mutant 1117 | -9/Materials | Central database locked down 1276 | -9/Materials | Self-destructed Last Messages --------------- 01237_ Shotgun destroyed. 01237_ R-06 Scavenger collects Flight Unit. 01243_ R-06 Scavenger collects Aluminum Leg. 01249_ R-06 Scavenger collects Lgt. Assault Rifle. 01249_ Critical hit (Burn: +37). 01249_ Particle Gun destroyed. 01252_ Y-45 Defender destroyed. 01257_ Acquired 24 matter. 01260_ R-06 Scavenger collects Flight Unit. 01263_ R-06 Scavenger collects Lgt. Assault Rifle. 01267_ R-06 Scavenger collects Lgt. Ion Engine. 01271_ Imp. Terrain Scanner destroyed. 01271_ System corrupted by crushing effect (+2). 01271_ R-06 Scavenger collects Wheel. 01273_ Mining Laser destroyed. 01274_ System corrupted: Matter fused (-8). 01274_ Arm. Wheel destroyed. 01274_ System corrupted by crushing effect (+1). 01275_ U-05 Engineer builds a Wall. [Achievement: Achiever] Map ----- +----------------------------------------------------+ | ?????????????????????????????????????????????????? | | ?????????????????????????????????????????????????? | | ?????????????????????????????????????????????????? | | ?????????????????????????????????????????????????? | | ?????????????????????????????????????????????????? | | ?????????????????????????????????????????????????? | | ?????????????????????????????????????????????????? | | ?????????????????????????????????????????????????? | | ??????????????????????#??????????????????????????? | | ???????????????????????### ??????????????????????? | | ???????????????? ?????? ??? ?# ??????????????????? | | ??????????????##??? ? "" #? # ? ????????????????? | | ??????????????#? ?? ??"??? #? ????????????????? | | ?????????????#???? ?????? #???????????????????? | | ??????????????#??? ? ?? ?#?? #?? ????????????????? | | ?????????#?###????"???? ?#?? #? "?????????????? | | ??????????#?#?#????"?? ? #T ???"?????????????? | | ??????????##???# "???"? ?? #"? ???"????????????? | | ?????????????#?????#???##?? g/? ? ??#?????????? | | ???????##??#?###??#?#??##??g # ?? ?????????????? | | ???????????????#????####?? # ? ????? ??????????? | | ????????##?????# ?##?#??## # ???? ???????????? | | ??????????#?#### ##??##?#? #####???????????????? | | ????????###### #######% #???#?? #???????????? | | ??????? %b ####### ##??????????? | | ??????? %b@ ###??? ?? ??????????? | | ??????? % w *w=r w ??????????? | | ????????###### ###u############ ????????? | | ????????#?#??## ?# #####???#?#??#?????????? | | ???????#??#?### ?# #?##### ? ??????????? | | ????????#??##?# ## ##????# ??? ??#????????? | | ?????????##?### ## #??##??" ????????????? | | ???##????????# ## ######?T?"?"?#?????????? | | ?? ??#?###?##?# ## ###??#?? "?????????????? | | ???????????#### #######+###?#?#????????????????? | | ?? ????#####??# # #??#?#???????????????? | | ?? ?????# ### # ###??????????????????? | | ?? ##?### ## # """ """ ##????#??????????????? | | ? ??##?## ## + """ """ #??????#?????????????? | | ????#???# ## # """ """ #?#??#?#??#??????????? | | ######### ## # #?????????#??????????? | | ## ## # [#????????????????????? | | """ ## ## # #??????????#?????????? | | """ ## ## ############?###??#??#?????????? | | """ ## ## ####??##???????????????????????? | | #### ### ######???????#????#????????????? | | """ # ??????????????????? | | """ + ??????????????????? | | """ # ??? ? ????????????? | | # ########### ######??????????????????? | +----------------------------------------------------+ Best States ------------- Heat Dissipation 28 Energy Generation 10 Energy Capacity 125 Matter Stores 300 Matter Capacity 300 Sight Range 16 Terrain Scan Range 16 Terrain Scan Density 85 Evasion (%) 44 Item Schematics ----------------- Arm. Wheel | -9/Materials | Hacked Cargo Storage Unit | -9/Materials | Hacked Robot Schematics ------------------ None Fabricated ------------ Nothing Alien Tech Used ----------------- None Achievements -------------- Achiever Quantum Hacking root@ Challenges ------------ None Game ------ Seed LightLatentSource Manual? 0 Play Time 00:21:35 Cumulative 21.2 hours Start 2024.04.25 @ 18:49:35 End 2024.04.25 @ 22:46:07 Sessions 1 Manual Loads 0 Difficulty Rogue Special Mode None Game No. 24 Rogue 16 Adventurer 8 Explorer 0 Win Type - Total 0 Types 0/0/0/0/0/0/0/0/0 Lore% 26 Gallery% 31 Achievement% 25 Wizard Run 0 Options --------- Layout 1 ASCII 0 Keyboard 0 Movement Arrows Keybinds 0 Fullscreen 1 Font 16/SmallcapsGlow Map View 55x38 Zoom Use 0% Tactical HUD 1 Map Filters NONE Filters NONE Steam 1 RUN: 630e38d6-8845-4da2-849c-426ce11d234c